Anaheim Ducks vs Washington Capitals
Created - Sunday, December 24, 2023 at 07:53
Goals
|
| Anaheim Ducks |
1 |
0 |
6 |
7 |
| Washington Capitals |
0 |
0 |
0 |
0 |
|
Shots
|
| Anaheim Ducks |
10 |
7 |
19 |
36 |
| Washington Capitals |
9 |
4 |
15 |
28 |
|
1st period
1. Anaheim Ducks , Brayden Schenn 1 (Teuvo Teravainen 1, Chandler Stephenson 2) at 17:46
Penalties :
Jason Zucker (WSH) for Hooking (Minor) at 9:20, Brenden Dillon (ANA) for Goalie Interference (Minor) at 12:38
2nd period
No Goal
Penalties :
Ian Cole (WSH) for Hooking (Minor) at 5:23, Alex Killorn (ANA) for Slashing (Minor) at 10:32
3rd period
2. Anaheim Ducks , John Tavares 2 (Mark Scheifele 2) at 3:18 (PP)
3. Anaheim Ducks , William Nylander 1 (John Tavares 1, Mark Scheifele 3) at 8:05
4. Anaheim Ducks , William Nylander 2 (Brenden Dillon 1, John Tavares 2) at 10:01
5. Anaheim Ducks , William Nylander 3 (Mark Scheifele 4) at 15:16
6. Anaheim Ducks , Mark Scheifele 1 (Joshua Morrissey 2, William Nylander 2) at 15:58 (PP)
7. Anaheim Ducks , Mason Marchment 4 (Jakob Chychrun 3, Calle Jarnkrok 3) at 19:49
Penalties :
David Savard (WSH) for Slashing (Minor) at 3:13, Mason Marchment (ANA) for Slashing (Minor) at 5:28, David Savard (WSH) for Tripping (Minor) at 10:25, Jordan Kyrou (WSH) for Hooking (Minor) at 15:33, Mason Marchment (ANA) for Holding (Minor) at 17:14
Goalie Stats
Linus Ullmark (ANA), 28 saves from 28 shots - (1.000), W, 2-1-1, 60:00 minutes
Jake Oettinger (WSH), 29 saves from 36 shots - (0.806), L, 2-1-1, 60:00 minutes
Players Stats for Anaheim Ducks
Player Name G A P +/- PIM S H SB GA TA FO MP PP MP PK MP
------------------------------------------------------------------------------------
Alex Killorn 0 0 0 0 2 3 3 0 1 0 1/2 18:42 2:35 3:02
Brayden Schenn 1 0 1 1 0 2 1 0 0 0 0/0 14:21 2:23 1:42
Brenden Dillon 0 1 1 2 2 4 1 1 0 1 0/0 21:07 3:13 2:34
Calle Jarnkrok 0 1 1 1 0 0 0 0 0 0 0/0 7:38 0:00 0:00
Chandler Stephenson 0 1 1 0 0 1 2 0 1 0 8/17 19:44 2:35 4:05
Esa Lindell 0 0 0 2 0 2 1 0 0 1 0/0 23:57 3:13 3:48
Ivan Provorov 0 0 0 1 0 0 0 0 0 0 0/0 18:35 0:00 4:29
J.T. Compher 0 0 0 1 0 0 0 0 0 1 3/5 13:26 0:12 3:03
Jakob Chychrun 0 1 1 2 0 0 1 1 0 0 0/0 18:43 3:14 0:18
John Tavares 1 2 3 3 0 2 0 1 0 1 19/34 18:24 3:52 0:00
Josh Manson 0 0 0 1 0 0 1 2 0 0 0/0 18:02 0:00 4:32
Joshua Morrissey 0 1 1 2 0 1 0 0 1 1 0/0 19:36 3:14 0:11
Mark Scheifele 1 3 4 3 0 7 1 0 0 0 1/2 18:35 3:52 0:00
Mason Marchment 1 0 1 1 4 2 0 0 0 0 0/0 7:45 0:00 0:00
Max Domi 0 0 0 0 0 4 2 0 1 0 0/2 14:09 0:00 1:06
Nazem Kadri 0 0 0 1 0 0 1 0 0 0 0/2 7:56 0:00 0:09
Teuvo Teravainen 0 1 1 1 0 0 1 0 1 0 0/0 12:56 0:00 2:45
William Nylander 3 1 4 3 0 8 0 0 1 0 1/3 18:24 3:52 0:00
Players Stats for Washington Capitals
Player Name G A P +/- PIM S H SB GA TA FO MP PP MP PK MP
------------------------------------------------------------------------------------
Alex Ovechkin 0 0 0 -2 0 7 0 0 0 0 1/1 21:55 4:24 0:00
Brad Marchand 0 0 0 -2 0 0 1 0 0 1 0/1 17:20 0:00 3:58
Brayden Point 0 0 0 -2 0 3 2 3 3 1 15/27 22:05 4:24 0:09
Cody Glass 0 0 0 -1 0 1 0 1 0 0 4/5 6:52 0:00 0:00
David Savard 0 0 0 -2 4 1 1 2 0 0 0/0 24:37 4:20 3:16
Dominik Kubalik 0 0 0 -1 0 5 0 0 1 0 0/0 8:41 0:16 1:15
Drake Batherson 0 0 0 0 0 1 1 0 0 0 0/0 7:31 0:00 0:00
Erik Cernak 0 0 0 -1 0 0 1 5 0 0 0/0 22:08 3:36 3:05
Erik Johnson 0 0 0 -2 0 0 0 0 1 0 0/0 15:51 0:00 2:05
Ian Cole 0 0 0 -1 2 1 0 6 0 0 0/0 18:45 0:00 3:22
Jason Robertson 0 0 0 -2 0 3 1 0 0 0 0/2 17:25 4:00 0:00
Jason Zucker 0 0 0 -1 2 2 1 0 0 0 0/1 6:52 0:00 0:00
John Carlson 0 0 0 -2 0 1 1 3 0 1 0/0 21:31 4:20 0:00
Jordan Kyrou 0 0 0 -2 2 0 0 0 0 0 0/0 21:03 3:32 0:00
Nick Foligno 0 0 0 0 0 2 1 1 0 0 3/6 10:22 0:26 2:12
Nick Jensen 0 0 0 -2 0 0 2 0 0 0 0/0 17:47 3:36 1:06
Nico Hischier 0 0 0 -2 0 1 2 1 0 3 11/24 20:30 3:09 3:52
Owen Tippett 0 0 0 0 0 0 2 0 0 0 0/0 12:13 3:37 1:28
3 Stars
1 - William Nylander (ANA)
2 - Linus Ullmark (ANA)
3 - Mark Scheifele (ANA)
Power Play
Anaheim Ducks - 2 on 5 Attempt(s) - 40.00%
Washington Capitals - 0 on 4 Attempt(s) - 0.00%
Penalty Kill
Anaheim Ducks - 4 on 4 Attempt(s) - 100.00%
- Score 0 goal in Penalty Kill
Washington Capitals - 3 on 5 Attempt(s) - 60.00%
- Score 0 goal in Penalty Kill
Team Stat
Anaheim Ducks - Hits : 15 - Faceoff Wins : 33 - Blocked Shots : 5 - Penalty Minutes : 8
Washington Capitals - Hits : 16 - Faceoff Wins : 34 - Blocked Shots : 22 - Penalty Minutes : 10
Official
Referees : Jon Mclsaac and Dave Lewis
Linesman : Bryan Pancich and Mark Shewchyk
Game Notes
William Nylander has scored a Hat Trick!
15:50 of 3rd period - Anaheim Ducks goal is going for a video replay. After video review, No Goal. The attacking player has interfered with a goalkeeper in his goal crease.
Finance
Level 1 -- Attendance: 6000 (100.00%) -- Ticket Income $570,000
Level 2 -- Attendance: 5000 (100.00%) -- Ticket Income $275,000
Level 3 -- Attendance: 3000 (100.00%) -- Ticket Income $99,000
Level 4 -- Attendance: 5000 (100.00%) -- Ticket Income $110,000
Luxury Box -- Attendance: 969 (96.90%) -- Ticket Income $188,955
Game was played at the Verizon Center.
Total Attendance: 19969 (99.85%)
Total Ticket Income: $1,242,955
Other Income: $435,034
Total Income: $1,677,989
Anaheim Ducks
5 vs 5 Forward
Center Left Wing Right Wing Time % Phy DF OF
1 John Tavares William Nylander Mark Scheifele 40 1 2 2
2 Chandler Stephenson Alex Killorn Max Domi 30 1 2 2
3 J.T. Compher Teuvo Teravainen Brayden Schenn 20 1 2 2
4 Nazem Kadri Mason Marchment Calle Jarnkrok 10 1 2 2
5 vs 5 Defense
Defense Defense Time % Phy DF OF
1 Esa Lindell Joshua Morrissey 35 1 2 2
2 Brenden Dillon Jakob Chychrun 35 1 2 2
3 Ivan Provorov Josh Manson 30 1 2 2
4 Esa Lindell Ivan Provorov 0 1 2 2
PowerPlay Forward
Center Left Wing Right Wing Time % Phy DF OF
1 John Tavares William Nylander Mark Scheifele 60 1 0 4
2 Chandler Stephenson Alex Killorn Brayden Schenn 40 1 0 4
PowerPlay Defense
Defense Defense Time % Phy DF OF
1 Joshua Morrissey Jakob Chychrun 55 1 2 2
2 Esa Lindell Brenden Dillon 45 1 2 2
Penalty Kill 4 Players Forward
Center Wing Time % Phy DF OF
1 Chandler Stephenson Alex Killorn 55 1 3 1
2 J.T. Compher Teuvo Teravainen 45 1 3 1
Penalty Kill 4 Players Defense
Defense Defense Time % Phy DF OF
1 Esa Lindell Brenden Dillon 50 1 3 1
2 Ivan Provorov Josh Manson 50 1 3 1
Penalty Kill - 3 Players Forward
Forward Time % Phy DF OF
1 Alex Killorn 50 1 3 1
2 J.T. Compher 50 1 3 1
Penalty Kill - 3 Players Defense
Defense Defense Time % Phy DF OF
1 Esa Lindell Brenden Dillon 50 1 3 1
2 Ivan Provorov Josh Manson 50 1 3 1
4 vs 4 Forward
Center Wing Time % Phy DF OF
1 John Tavares William Nylander 50 1 2 2
2 Max Domi Mark Scheifele 50 1 2 2
4 vs 4 Defense
Defense Defense Time % Phy DF OF
1 Esa Lindell Josh Manson 50 1 2 2
2 Brenden Dillon Joshua Morrissey 50 1 2 2
Last Minutes Offensive
Center Left Wing Right Wing Defense Defense
John Tavares William Nylander Mark Scheifele Joshua Morrissey Jakob Chychrun
Last Minutes Defensive
Center Left Wing Right Wing Defense Defense
Chandler Stephenson Alex Killorn Teuvo Teravainen Brenden Dillon Esa Lindell
Goaltenders
Starting : Linus Ullmark
Backup : Jack Campbell
Extra Forwards
Normal : William Nylander, John Tavares, Mark Scheifele - PP : William Nylander, Mark Scheifele - PK : Alex Killorn
Extra Defensemen
Normal : Brenden Dillon, Esa Lindell, Ivan Provorov - PP : Joshua Morrissey - PK : Esa Lindell, Josh Manson
Penalty Shots
William Nylander, Teuvo Teravainen, Mark Scheifele, Calle Jarnkrok, Alex Killorn
Washington Capitals
5 vs 5 Forward
Center Left Wing Right Wing Time % Phy DF OF
1 Brayden Point Alex Ovechkin Jordan Kyrou 40 1 0 4
2 Nico Hischier Brad Marchand Jason Robertson 30 1 0 4
3 Nick Foligno Owen Tippett Drake Batherson 20 1 1 3
4 Cody Glass Dominik Kubalik Jason Zucker 10 1 1 3
5 vs 5 Defense
Defense Defense Time % Phy DF OF
1 John Carlson David Savard 35 2 3 0
2 Erik Cernak Ian Cole 35 2 3 0
3 Nick Jensen Erik Johnson 30 2 3 0
4 John Carlson David Savard 0 2 3 0
PowerPlay Forward
Center Left Wing Right Wing Time % Phy DF OF
1 Brayden Point Alex Ovechkin Jason Robertson 60 1 2 2
2 Nico Hischier Owen Tippett Jordan Kyrou 40 1 2 2
PowerPlay Defense
Defense Defense Time % Phy DF OF
1 John Carlson David Savard 60 1 2 2
2 Nick Jensen Erik Cernak 40 1 2 2
Penalty Kill 4 Players Forward
Center Wing Time % Phy DF OF
1 Nico Hischier Brad Marchand 60 1 2 2
2 Nick Foligno Owen Tippett 40 1 2 2
Penalty Kill 4 Players Defense
Defense Defense Time % Phy DF OF
1 David Savard Ian Cole 60 1 2 2
2 Nick Jensen Erik Cernak 40 1 2 2
Penalty Kill - 3 Players Forward
Forward Time % Phy DF OF
1 Nico Hischier 60 1 2 2
2 Nick Foligno 40 1 2 2
Penalty Kill - 3 Players Defense
Defense Defense Time % Phy DF OF
1 David Savard Ian Cole 60 1 2 2
2 Nick Jensen Erik Cernak 40 1 2 2
4 vs 4 Forward
Center Wing Time % Phy DF OF
1 Brayden Point Jason Robertson 60 1 2 2
2 Nico Hischier Alex Ovechkin 40 1 2 2
4 vs 4 Defense
Defense Defense Time % Phy DF OF
1 John Carlson David Savard 60 1 2 2
2 Erik Cernak Nick Jensen 40 1 2 2
Last Minutes Offensive
Center Left Wing Right Wing Defense Defense
Brayden Point Alex Ovechkin Jason Robertson Nick Jensen John Carlson
Last Minutes Defensive
Center Left Wing Right Wing Defense Defense
Nico Hischier Brad Marchand Nick Foligno David Savard Ian Cole
Goaltenders
Starting : Jake Oettinger
Backup : Sergei Bobrovsky
Extra Forwards
Normal : Jordan Kyrou, Drake Batherson, Dominik Kubalik - PP : Owen Tippett, Brayden Point - PK : Dominik Kubalik
Extra Defensemen
Normal : Erik Johnson, John Carlson, Ian Cole - PP : David Savard - PK : Erik Cernak, David Savard
Penalty Shots
Jason Robertson, Drake Batherson, Brayden Point, Cody Glass, David Savard
% Time on Ice - Anaheim Ducks
Lines # - Real PCT - Wanted PCT - Time Play
Normal Forward
1 - 33% - 40% - 14:51
2 - 28% - 30% - 12:57
3 - 22% - 20% - 10:11
4 - 17% - 10% - 7:38
Normal Defense
1 - 36% - 35% - 16:24
2 - 36% - 35% - 16:30
3 - 28% - 30% - 12:43
4 - 0% - 0% - 0:00
PP Forward
1 - 60% - 60% - 3:52
2 - 40% - 40% - 2:35
PP Defense
1 - 50% - 55% - 3:14
2 - 50% - 45% - 3:13
PK Forward
1 - 65% - 55% - 5:11
2 - 35% - 45% - 2:45
PK Defense
1 - 50% - 50% - 3:59
2 - 50% - 50% - 3:57
PK3 Forward
1 - 0% - 50%
2 - 0% - 50%
PK3 Defense
1 - 0% - 50%
2 - 0% - 50%
44 Forward
1 - 0% - 50%
2 - 0% - 50%
44 Defense
1 - 0% - 50%
2 - 0% - 50%
Last Minute Offensive - 0:00
Last Minute Defensive - 0:00
Total
Forward - 60:00
Defense - 60:00
|
% Time on Ice - Washington Capitals
Lines # - Real PCT - Wanted PCT - Time Play
Normal Forward
1 - 40% - 40% - 18:14
2 - 29% - 30% - 13:26
3 - 16% - 20% - 7:05
4 - 15% - 10% - 6:52
Normal Defense
1 - 37% - 35% - 17:00
2 - 35% - 35% - 16:04
3 - 28% - 30% - 12:33
4 - 0% - 0% - 0:00
PP Forward
1 - 55% - 60% - 4:24
2 - 45% - 40% - 3:32
PP Defense
1 - 55% - 60% - 4:20
2 - 45% - 40% - 3:36
PK Forward
1 - 77% - 60% - 4:59
2 - 23% - 40% - 1:28
PK Defense
1 - 83% - 60% - 5:21
2 - 17% - 40% - 1:06
PK3 Forward
1 - 0% - 60%
2 - 0% - 40%
PK3 Defense
1 - 0% - 60%
2 - 0% - 40%
44 Forward
1 - 0% - 60%
2 - 0% - 40%
44 Defense
1 - 0% - 60%
2 - 0% - 40%
Last Minute Offensive - 0:00
Last Minute Defensive - 0:00
Total
Forward - 60:00
Defense - 60:00
|
Play-by-Play
1st period
0:01 of 1st period - Brayden Point wins face-off versus John Tavares in neutral zone.
0:26 of 1st period - John Carlson is hit by Chandler Stephenson and loses puck.
1:13 of 1st period - Wrist shot by Nazem Kadri.
1:13 of 1st period - Shot Blocked by Cody Glass.
1:37 of 1st period - Snap shot by Mark Scheifele.
1:37 of 1st period - Stopped by Jake Oettinger with a rebound.
1:51 of 1st period - Snap shot by Max Domi.
1:51 of 1st period - Shot Misses the Net.
1:53 of 1st period - Slapshot by Brenden Dillon.
1:53 of 1st period - Deflect By Nico Hischier.
1:53 of 1st period - Stopped by Jake Oettinger without a rebound.
1:54 of 1st period - Chandler Stephenson wins face-off versus Nick Foligno in Washington Capitals zone.
2:05 of 1st period - Josh Manson is hit by Nick Jensen and loses puck.
2:20 of 1st period - Josh Manson is hit by Brad Marchand and loses puck.
3:09 of 1st period - Snap shot by Chandler Stephenson.
3:09 of 1st period - Shot Misses the Net.
3:11 of 1st period - Wrist shot by Alex Killorn.
3:11 of 1st period - Stopped by Jake Oettinger with a rebound.
3:13 of 1st period - Wrist shot by Esa Lindell.
3:13 of 1st period - Deflect By Alex Killorn.
3:13 of 1st period - Shot Misses the Net.
3:13 of 1st period - Puck is out of play.
3:14 of 1st period - Mark Scheifele wins face-off versus Brayden Point in Washington Capitals zone.
3:29 of 1st period - Wrist shot by Mark Scheifele.
3:29 of 1st period - Stopped by Jake Oettinger without a rebound.
3:30 of 1st period - Nick Foligno wins face-off versus J.T. Compher in Washington Capitals zone.
3:59 of 1st period - Slapshot by William Nylander.
3:59 of 1st period - Stopped by Jake Oettinger with a rebound.
4:49 of 1st period - Teuvo Teravainen is hit by David Savard and loses puck.
5:13 of 1st period - Wrist shot by Alex Ovechkin.
5:13 of 1st period - Shot Misses the Net.
5:15 of 1st period - Slapshot by John Carlson.
5:15 of 1st period - Shot Misses the Net.
5:36 of 1st period - Off-side.
5:37 of 1st period - J.T. Compher wins face-off versus Brayden Point in neutral zone.
7:59 of 1st period - Snap shot by Alex Ovechkin.
7:59 of 1st period - Stopped by Linus Ullmark without a rebound.
8:00 of 1st period - Nico Hischier wins face-off versus John Tavares in Anaheim Ducks zone.
8:15 of 1st period - Slapshot by John Tavares.
8:15 of 1st period - Stopped by Jake Oettinger with a rebound.
8:17 of 1st period - Slapshot by Brenden Dillon.
8:17 of 1st period - Stopped by Jake Oettinger without a rebound.
8:18 of 1st period - Chandler Stephenson wins face-off versus Nick Foligno in Washington Capitals zone.
8:50 of 1st period - Slapshot by Jason Robertson.
8:50 of 1st period - Shot Misses the Net.
8:52 of 1st period - Slapshot by John Carlson.
8:52 of 1st period - Shot Hit the Post.
9:20 of 1st period - Minor Penalty to Jason Zucker for Hooking.
9:21 of 1st period - John Tavares wins face-off versus Nico Hischier in Washington Capitals zone.
9:32 of 1st period - Snap shot by John Tavares.
9:32 of 1st period - Deflect By Brad Marchand.
9:32 of 1st period - Shot Misses the Net.
9:32 of 1st period - Puck is out of play.
9:33 of 1st period - Nico Hischier wins face-off versus Mark Scheifele in Washington Capitals zone.
9:48 of 1st period - Wrist shot by Brad Marchand.
9:48 of 1st period - Shot Misses the Net.
10:02 of 1st period - David Savard is hit by Brayden Schenn and loses puck.
11:20 of 1st period - Penalty to Jason Zucker is over, Jason Zucker is back on ice.
11:33 of 1st period - Wrist shot by Mason Marchment.
11:33 of 1st period - Stopped by Jake Oettinger without a rebound.
11:34 of 1st period - Brayden Point wins face-off versus Nazem Kadri in Washington Capitals zone.
11:49 of 1st period - Wrist shot by Calle Jarnkrok.
11:49 of 1st period - Shot Misses the Net.
12:20 of 1st period - Off-side.
12:21 of 1st period - John Tavares wins face-off versus Nico Hischier in neutral zone.
12:23 of 1st period - Off-side.
12:24 of 1st period - Nico Hischier wins face-off versus William Nylander in neutral zone.
12:38 of 1st period - Minor Penalty to Brenden Dillon for Goalie Interference.
12:39 of 1st period - Brayden Point wins face-off versus Chandler Stephenson in Anaheim Ducks zone.
12:42 of 1st period - Slapshot by David Savard.
12:42 of 1st period - Shot Blocked by Josh Manson.
12:44 of 1st period - Snap shot by John Carlson.
12:44 of 1st period - Shot Misses the Net.
12:46 of 1st period - Wrist shot by Brayden Point.
12:46 of 1st period - Shot Misses the Net.
12:48 of 1st period - Snap shot by Alex Ovechkin.
12:48 of 1st period - Stopped by Linus Ullmark without a rebound.
12:49 of 1st period - Brayden Point wins face-off versus Chandler Stephenson in Anaheim Ducks zone.
14:38 of 1st period - Penalty to Brenden Dillon is over, Brenden Dillon is back on ice.
14:44 of 1st period - Snap shot by Dominik Kubalik.
14:44 of 1st period - Stopped by Linus Ullmark without a rebound.
14:45 of 1st period - Cody Glass wins face-off versus John Tavares in Anaheim Ducks zone.
14:46 of 1st period - Wrist shot by Jason Zucker.
14:46 of 1st period - Stopped by Linus Ullmark without a rebound.
14:47 of 1st period - William Nylander wins face-off versus Jason Zucker in Anaheim Ducks zone.
15:02 of 1st period - Wrist shot by Dominik Kubalik.
15:02 of 1st period - Stopped by Linus Ullmark with a rebound.
15:04 of 1st period - Slapshot by Ian Cole.
15:04 of 1st period - Shot Misses the Net.
15:06 of 1st period - Slapshot by Ian Cole.
15:06 of 1st period - Stopped by Linus Ullmark without a rebound.
15:07 of 1st period - Nico Hischier wins face-off versus Chandler Stephenson in Anaheim Ducks zone.
15:22 of 1st period - Snap shot by Jason Robertson.
15:22 of 1st period - Stopped by Linus Ullmark with a rebound.
15:24 of 1st period - Snap shot by David Savard.
15:24 of 1st period - Deflect By Jason Robertson.
15:24 of 1st period - Stopped by Linus Ullmark with a rebound.
15:36 of 1st period - Icing by Drake Batherson.
15:37 of 1st period - Nick Foligno wins face-off versus John Tavares in Washington Capitals zone.
15:51 of 1st period - Wrist shot by Drake Batherson.
15:51 of 1st period - Stopped by Linus Ullmark with a rebound.
16:01 of 1st period - Snap shot by Nick Foligno.
16:01 of 1st period - Shot Misses the Net.
16:13 of 1st period - Snap shot by Nick Foligno.
16:13 of 1st period - Shot Misses the Net.
16:33 of 1st period - William Nylander is hit by Nick Foligno and loses puck.
16:50 of 1st period - Slapshot by Mark Scheifele.
16:50 of 1st period - Deflect By William Nylander.
16:50 of 1st period - Shot Misses the Net.
16:50 of 1st period - Puck is out of play.
16:51 of 1st period - Nico Hischier wins face-off versus Chandler Stephenson in Washington Capitals zone.
17:44 of 1st period - Wrist shot by Brayden Schenn.
17:44 of 1st period - Stopped by Jake Oettinger with a rebound.
17:46 of 1st period - Snap shot by Brayden Schenn.
17:46 of 1st period - Goal by Brayden Schenn - Anaheim Ducks : 1 - Washington Capitals : 0.
17:47 of 1st period - J.T. Compher wins face-off versus Brayden Point in neutral zone.
17:49 of 1st period - Off-side.
17:50 of 1st period - J.T. Compher wins face-off versus Brayden Point in neutral zone.
17:55 of 1st period - Slapshot by Brayden Schenn.
17:55 of 1st period - Deflect By J.T. Compher.
17:55 of 1st period - Shot Blocked by Brayden Point.
17:55 of 1st period - Puck is out of play.
17:56 of 1st period - Brayden Point wins face-off versus J.T. Compher in Washington Capitals zone.
18:09 of 1st period - Erik Cernak is hit by Josh Manson and loses puck.
Goals for this period are 1 for Anaheim Ducks vs 0 for Washington Capitals.
Shots for this period are 10 for Anaheim Ducks vs 9 for Washington Capitals.
2nd period
0:01 of 2nd period - John Tavares wins face-off versus Jason Robertson in neutral zone.
0:04 of 2nd period - Wrist shot by Mark Scheifele.
0:04 of 2nd period - Stopped by Jake Oettinger with a rebound.
2:46 of 2nd period - Off-side.
2:47 of 2nd period - Cody Glass wins face-off versus William Nylander in neutral zone.
2:56 of 2nd period - Slapshot by William Nylander.
2:56 of 2nd period - Stopped by Jake Oettinger with a rebound.
2:58 of 2nd period - Slapshot by Esa Lindell.
2:58 of 2nd period - Shot Misses the Net.
3:00 of 2nd period - Snap shot by Esa Lindell.
3:00 of 2nd period - Stopped by Jake Oettinger with a rebound.
3:02 of 2nd period - Wrist shot by Joshua Morrissey.
3:02 of 2nd period - Shot Misses the Net.
3:44 of 2nd period - Snap shot by Brayden Point.
3:44 of 2nd period - Shot Blocked by Jakob Chychrun.
4:04 of 2nd period - Snap shot by William Nylander.
4:04 of 2nd period - Shot Misses the Net.
4:40 of 2nd period - Calle Jarnkrok is hit by Nico Hischier and loses puck.
5:23 of 2nd period - Minor Penalty to Ian Cole for Hooking.
5:24 of 2nd period - John Tavares wins face-off versus Brad Marchand in Washington Capitals zone.
5:54 of 2nd period - Snap shot by John Tavares.
5:54 of 2nd period - Shot Blocked by Nick Foligno.
5:56 of 2nd period - Wrist shot by Mark Scheifele.
5:56 of 2nd period - Stopped by Jake Oettinger without a rebound.
5:57 of 2nd period - Nick Foligno wins face-off versus Alex Killorn in Washington Capitals zone.
6:24 of 2nd period - Brenden Dillon is hit by Owen Tippett and loses puck.
7:23 of 2nd period - Penalty to Ian Cole is over, Ian Cole is back on ice.
7:35 of 2nd period - Wrist shot by Nazem Kadri.
7:35 of 2nd period - Shot Misses the Net.
9:19 of 2nd period - Icing by William Nylander.
9:20 of 2nd period - John Tavares wins face-off versus Nico Hischier in Anaheim Ducks zone.
9:56 of 2nd period - Ian Cole is hit by Teuvo Teravainen and loses puck.
10:32 of 2nd period - Minor Penalty to Alex Killorn for Slashing.
10:33 of 2nd period - Chandler Stephenson wins face-off versus Brayden Point in Anaheim Ducks zone.
10:33 of 2nd period - Chandler Stephenson is hit by Jason Robertson.
10:45 of 2nd period - Backhand shot by Jason Robertson.
10:45 of 2nd period - Shot Blocked by Josh Manson.
10:47 of 2nd period - Snap shot by Brayden Point.
10:47 of 2nd period - Shot Misses the Net.
12:26 of 2nd period - Jason Robertson is hit by Nazem Kadri and loses puck.
12:32 of 2nd period - Penalty to Alex Killorn is over, Alex Killorn is back on ice.
12:33 of 2nd period - Max Domi is hit by John Carlson and loses puck.
12:44 of 2nd period - Slapshot by William Nylander.
12:44 of 2nd period - Stopped by Jake Oettinger without a rebound.
12:45 of 2nd period - John Tavares wins face-off versus Cody Glass in Washington Capitals zone.
13:00 of 2nd period - Snap shot by Dominik Kubalik.
13:00 of 2nd period - Stopped by Linus Ullmark with a rebound.
13:18 of 2nd period - Slapshot by Nick Foligno.
13:18 of 2nd period - Stopped by Linus Ullmark with a rebound.
13:28 of 2nd period - Ivan Provorov is hit by Nico Hischier and loses puck.
13:46 of 2nd period - Jakob Chychrun is hit by Brayden Point and loses puck.
14:19 of 2nd period - Brenden Dillon is hit by Jason Zucker and loses puck.
14:36 of 2nd period - Slapshot by John Tavares.
14:36 of 2nd period - Shot Misses the Net.
15:02 of 2nd period - Wrist shot by Chandler Stephenson.
15:02 of 2nd period - Shot Misses the Net.
15:04 of 2nd period - Snap shot by Esa Lindell.
15:04 of 2nd period - Stopped by Jake Oettinger without a rebound.
15:05 of 2nd period - Brayden Point wins face-off versus John Tavares in Washington Capitals zone.
15:10 of 2nd period - Esa Lindell is hit by Brayden Point and loses puck.
15:40 of 2nd period - Esa Lindell is hit by Drake Batherson and loses puck.
16:23 of 2nd period - Wrist shot by Mark Scheifele.
16:23 of 2nd period - Shot Blocked by Erik Cernak.
16:25 of 2nd period - Wrist shot by John Tavares.
16:25 of 2nd period - Deflect By Mark Scheifele.
16:25 of 2nd period - Stopped by Jake Oettinger without a rebound.
16:26 of 2nd period - Nico Hischier wins face-off versus Chandler Stephenson in Washington Capitals zone.
16:53 of 2nd period - John Carlson is hit by Jakob Chychrun.
17:42 of 2nd period - Snap shot by Dominik Kubalik.
17:42 of 2nd period - Shot Misses the Net.
17:44 of 2nd period - Snap shot by Dominik Kubalik.
17:44 of 2nd period - Stopped by Linus Ullmark without a rebound.
17:45 of 2nd period - John Tavares wins face-off versus Nico Hischier in Anaheim Ducks zone.
19:02 of 2nd period - Slapshot by Dominik Kubalik.
19:02 of 2nd period - Stopped by Linus Ullmark without a rebound.
19:03 of 2nd period - John Tavares wins face-off versus Nico Hischier in Anaheim Ducks zone.
19:12 of 2nd period - Slapshot by Jakob Chychrun.
19:12 of 2nd period - Shot Blocked by Nico Hischier.
19:30 of 2nd period - John Carlson is hit by Chandler Stephenson.
Goals for this period are 0 for Anaheim Ducks vs 0 for Washington Capitals.
Shots for this period are 7 for Anaheim Ducks vs 4 for Washington Capitals.
3rd period
0:01 of 3rd period - Nico Hischier wins face-off versus John Tavares in neutral zone.
0:15 of 3rd period - Wrist shot by William Nylander.
0:15 of 3rd period - Stopped by Jake Oettinger without a rebound.
0:16 of 3rd period - Brayden Point wins face-off versus Max Domi in Washington Capitals zone.
0:43 of 3rd period - John Carlson is hit by Esa Lindell and loses puck.
1:06 of 3rd period - Erik Johnson is hit by Brenden Dillon and loses puck.
1:55 of 3rd period - Snap shot by Alex Ovechkin.
1:55 of 3rd period - Shot Misses the Net.
1:57 of 3rd period - Snap shot by Brayden Point.
1:57 of 3rd period - Stopped by Linus Ullmark without a rebound.
1:58 of 3rd period - John Tavares wins face-off versus Jason Robertson in Anaheim Ducks zone.
2:08 of 3rd period - Wrist shot by William Nylander.
2:08 of 3rd period - Shot Misses the Net.
2:10 of 3rd period - Wrist shot by Mark Scheifele.
2:10 of 3rd period - Shot Misses the Net.
2:12 of 3rd period - Snap shot by Brenden Dillon.
2:12 of 3rd period - Stopped by Jake Oettinger with a rebound.
2:14 of 3rd period - Wrist shot by Jakob Chychrun.
2:14 of 3rd period - Shot Blocked by David Savard.
2:27 of 3rd period - Slapshot by John Carlson.
2:27 of 3rd period - Stopped by Linus Ullmark without a rebound.
2:28 of 3rd period - Brayden Point wins face-off versus Chandler Stephenson in Anaheim Ducks zone.
2:37 of 3rd period - Ian Cole is hit by Max Domi and loses puck.
3:04 of 3rd period - Snap shot by Chandler Stephenson.
3:04 of 3rd period - Shot Blocked by Erik Cernak.
3:06 of 3rd period - Snap shot by Chandler Stephenson.
3:06 of 3rd period - Stopped by Jake Oettinger without a rebound.
3:07 of 3rd period - John Tavares wins face-off versus Nico Hischier in Washington Capitals zone.
3:13 of 3rd period - Minor Penalty to David Savard for Slashing.
3:14 of 3rd period - John Tavares wins face-off versus Nico Hischier in Washington Capitals zone.
3:16 of 3rd period - Snap shot by John Tavares.
3:16 of 3rd period - Shot Blocked by Ian Cole.
3:18 of 3rd period - Snap shot by John Tavares.
3:18 of 3rd period - Goal by John Tavares - Anaheim Ducks : 2 - Washington Capitals : 0.
3:19 of 3rd period - John Tavares wins face-off versus Nico Hischier in neutral zone.
3:30 of 3rd period - Snap shot by John Tavares.
3:30 of 3rd period - Shot Misses the Net.
3:32 of 3rd period - Slapshot by John Tavares.
3:32 of 3rd period - Shot Misses the Net.
3:34 of 3rd period - Slapshot by Brenden Dillon.
3:34 of 3rd period - Stopped by Jake Oettinger without a rebound.
3:35 of 3rd period - Alex Killorn wins face-off versus Brayden Point in Washington Capitals zone.
3:38 of 3rd period - Slapshot by Chandler Stephenson.
3:38 of 3rd period - Shot Blocked by John Carlson.
3:42 of 3rd period - Snap shot by Max Domi.
3:42 of 3rd period - Stopped by Jake Oettinger without a rebound.
3:43 of 3rd period - Brayden Point wins face-off versus Chandler Stephenson in Washington Capitals zone.
3:43 of 3rd period - Brayden Point is hit by Max Domi.
3:55 of 3rd period - Snap shot by Alex Ovechkin.
3:55 of 3rd period - Stopped by Linus Ullmark with a rebound.
4:13 of 3rd period - Slapshot by Alex Killorn.
4:13 of 3rd period - Shot Blocked by John Carlson.
4:15 of 3rd period - Slapshot by Chandler Stephenson.
4:15 of 3rd period - Shot Misses the Net.
4:17 of 3rd period - Backhand shot by Alex Killorn.
4:17 of 3rd period - Shot Blocked by Brayden Point.
4:19 of 3rd period - Backhand shot by Joshua Morrissey.
4:19 of 3rd period - Shot Blocked by David Savard.
4:21 of 3rd period - Slapshot by Max Domi.
4:21 of 3rd period - Stopped by Jake Oettinger without a rebound.
4:22 of 3rd period - John Tavares wins face-off versus Nico Hischier in Washington Capitals zone.
4:27 of 3rd period - Wrist shot by William Nylander.
4:27 of 3rd period - Stopped by Jake Oettinger with a rebound.
4:49 of 3rd period - Jakob Chychrun is hit by Owen Tippett and loses puck.
5:00 of 3rd period - Snap shot by Brayden Schenn.
5:00 of 3rd period - Shot Blocked by Erik Cernak.
5:12 of 3rd period - Snap shot by Cody Glass.
5:12 of 3rd period - Shot Misses the Net.
5:28 of 3rd period - Minor Penalty to Mason Marchment for Slashing.
5:29 of 3rd period - Chandler Stephenson wins face-off versus Brayden Point in Anaheim Ducks zone.
7:28 of 3rd period - Penalty to Mason Marchment is over, Mason Marchment is back on ice.
7:44 of 3rd period - Wrist shot by Jason Zucker.
7:44 of 3rd period - Stopped by Linus Ullmark with a rebound.
7:46 of 3rd period - Snap shot by Cody Glass.
7:46 of 3rd period - Stopped by Linus Ullmark without a rebound.
7:47 of 3rd period - Cody Glass wins face-off versus John Tavares in Anaheim Ducks zone.
7:48 of 3rd period - Snap shot by Dominik Kubalik.
7:48 of 3rd period - Shot Misses the Net.
7:51 of 3rd period - Icing by Joshua Morrissey.
7:52 of 3rd period - Cody Glass wins face-off versus John Tavares in Anaheim Ducks zone.
7:53 of 3rd period - Wrist shot by Dominik Kubalik.
7:53 of 3rd period - Shot Misses the Net.
8:05 of 3rd period - Snap shot by William Nylander.
8:05 of 3rd period - Goal by William Nylander - Anaheim Ducks : 3 - Washington Capitals : 0.
8:06 of 3rd period - Brayden Point wins face-off versus John Tavares in neutral zone.
8:08 of 3rd period - Off-side.
8:09 of 3rd period - John Tavares wins face-off versus Brayden Point in neutral zone.
8:42 of 3rd period - Snap shot by Nico Hischier.
8:42 of 3rd period - Stopped by Linus Ullmark without a rebound.
8:43 of 3rd period - Nico Hischier wins face-off versus Chandler Stephenson in Anaheim Ducks zone.
9:26 of 3rd period - Wrist shot by Chandler Stephenson.
9:26 of 3rd period - Shot Misses the Net.
9:36 of 3rd period - Snap shot by Max Domi.
9:36 of 3rd period - Shot Misses the Net.
9:38 of 3rd period - Slapshot by Alex Killorn.
9:38 of 3rd period - Deflect By Max Domi.
9:38 of 3rd period - Stopped by Jake Oettinger with a rebound.
9:40 of 3rd period - Snap shot by Alex Killorn.
9:40 of 3rd period - Stopped by Jake Oettinger without a rebound.
9:41 of 3rd period - Alex Ovechkin wins face-off versus John Tavares in Washington Capitals zone.
9:50 of 3rd period - Wrist shot by Alex Ovechkin.
9:50 of 3rd period - Shot Misses the Net.
9:52 of 3rd period - Slapshot by Erik Johnson.
9:52 of 3rd period - Deflect By Brayden Point.
9:52 of 3rd period - Stopped by Linus Ullmark without a rebound.
9:53 of 3rd period - John Tavares wins face-off versus Brayden Point in Anaheim Ducks zone.
10:01 of 3rd period - Snap shot by William Nylander.
10:01 of 3rd period - Goal by William Nylander - Anaheim Ducks : 4 - Washington Capitals : 0.
10:02 of 3rd period - Brayden Point wins face-off versus John Tavares in neutral zone.
10:07 of 3rd period - Snap shot by Jordan Kyrou.
10:07 of 3rd period - Shot Blocked by John Tavares.
10:13 of 3rd period - Brayden Point is hit by Mark Scheifele.
10:25 of 3rd period - Minor Penalty to David Savard for Tripping.
10:26 of 3rd period - John Tavares wins face-off versus Nico Hischier in Washington Capitals zone.
10:27 of 3rd period - Wrist shot by William Nylander.
10:27 of 3rd period - Shot Blocked by Erik Cernak.
10:59 of 3rd period - Nick Foligno is hit by Alex Killorn and loses puck.
11:40 of 3rd period - Dominik Kubalik is hit by Alex Killorn and loses puck.
11:57 of 3rd period - Snap shot by Nick Foligno.
11:57 of 3rd period - Stopped by Linus Ullmark without a rebound.
11:58 of 3rd period - Chandler Stephenson wins face-off versus Nick Foligno in Anaheim Ducks zone.
12:25 of 3rd period - Penalty to David Savard is over, David Savard is back on ice.
12:33 of 3rd period - Snap shot by Alex Ovechkin.
12:33 of 3rd period - Shot Blocked by Brenden Dillon.
12:35 of 3rd period - Slapshot by Erik Cernak.
12:35 of 3rd period - Deflect By Alex Ovechkin.
12:35 of 3rd period - Stopped by Linus Ullmark without a rebound.
12:36 of 3rd period - Brayden Point wins face-off versus Nazem Kadri in Anaheim Ducks zone.
12:41 of 3rd period - Snap shot by Alex Ovechkin.
12:41 of 3rd period - Stopped by Linus Ullmark with a rebound.
12:43 of 3rd period - Slapshot by David Savard.
12:43 of 3rd period - Stopped by Linus Ullmark without a rebound.
12:44 of 3rd period - John Tavares wins face-off versus Brayden Point in Anaheim Ducks zone.
13:01 of 3rd period - Wrist shot by Alex Ovechkin.
13:01 of 3rd period - Stopped by Linus Ullmark without a rebound.
13:02 of 3rd period - Chandler Stephenson wins face-off versus Nico Hischier in Anaheim Ducks zone.
13:07 of 3rd period - Slapshot by Joshua Morrissey.
13:07 of 3rd period - Deflect By Chandler Stephenson.
13:07 of 3rd period - Shot Misses the Net.
13:07 of 3rd period - Puck is out of play.
13:08 of 3rd period - Nico Hischier wins face-off versus Chandler Stephenson in Washington Capitals zone.
13:08 of 3rd period - Nico Hischier is hit by Alex Killorn.
13:34 of 3rd period - Joshua Morrissey is hit by Nick Jensen and loses puck.
13:43 of 3rd period - Wrist shot by Alex Ovechkin.
13:43 of 3rd period - Stopped by Linus Ullmark without a rebound.
13:44 of 3rd period - Brayden Point wins face-off versus Max Domi in Anaheim Ducks zone.
13:51 of 3rd period - Slapshot by Brayden Point.
13:51 of 3rd period - Stopped by Linus Ullmark without a rebound.
13:52 of 3rd period - Chandler Stephenson wins face-off versus Brayden Point in Anaheim Ducks zone.
14:19 of 3rd period - Slapshot by Alex Killorn.
14:19 of 3rd period - Shot Blocked by Ian Cole.
14:21 of 3rd period - Slapshot by Jakob Chychrun.
14:21 of 3rd period - Shot Blocked by Ian Cole.
14:23 of 3rd period - Snap shot by Alex Killorn.
14:23 of 3rd period - Shot Misses the Net.
14:25 of 3rd period - Wrist shot by Alex Killorn.
14:25 of 3rd period - Shot Blocked by Brayden Point.
14:27 of 3rd period - Slapshot by Jakob Chychrun.
14:27 of 3rd period - Shot Blocked by Erik Cernak.
14:41 of 3rd period - Slapshot by Max Domi.
14:41 of 3rd period - Shot Blocked by Ian Cole.
14:43 of 3rd period - Snap shot by Alex Killorn.
14:43 of 3rd period - Stopped by Jake Oettinger with a rebound.
14:45 of 3rd period - Snap shot by Max Domi.
14:45 of 3rd period - Stopped by Jake Oettinger without a rebound.
14:46 of 3rd period - Nico Hischier wins face-off versus John Tavares in Washington Capitals zone.
15:01 of 3rd period - Snap shot by Mark Scheifele.
15:01 of 3rd period - Shot Misses the Net.
15:16 of 3rd period - Snap shot by William Nylander.
15:16 of 3rd period - Goal by William Nylander - Anaheim Ducks : 5 - Washington Capitals : 0.
15:17 of 3rd period - Brayden Point wins face-off versus John Tavares in neutral zone.
15:33 of 3rd period - Minor Penalty to Jordan Kyrou for Hooking.
15:34 of 3rd period - Nico Hischier wins face-off versus John Tavares in Washington Capitals zone.
15:46 of 3rd period - Slapshot by Joshua Morrissey.
15:46 of 3rd period - Shot Misses the Net.
15:48 of 3rd period - Snap shot by Joshua Morrissey.
15:48 of 3rd period - Shot Blocked by Ian Cole.
15:50 of 3rd period - Slapshot by Joshua Morrissey.
15:50 of 3rd period - Anaheim Ducks goal is going for a video replay.
15:50 of 3rd period - The goal is refused. The attacking player has interfered with a goalkeeper in his goal crease..
15:51 of 3rd period - John Tavares wins face-off versus Nico Hischier in Washington Capitals zone.
15:52 of 3rd period - Wrist shot by William Nylander.
15:52 of 3rd period - Shot Misses the Net.
15:54 of 3rd period - Slapshot by Joshua Morrissey.
15:54 of 3rd period - Shot Blocked by Ian Cole.
15:56 of 3rd period - Slapshot by Mark Scheifele.
15:56 of 3rd period - Stopped by Jake Oettinger with a rebound.
15:58 of 3rd period - Snap shot by Mark Scheifele.
15:58 of 3rd period - Goal by Mark Scheifele - Anaheim Ducks : 6 - Washington Capitals : 0.
15:59 of 3rd period - John Tavares wins face-off versus Nico Hischier in neutral zone.
16:43 of 3rd period - Slapshot by Joshua Morrissey.
16:43 of 3rd period - Shot Blocked by John Carlson.
16:51 of 3rd period - Slapshot by Jason Robertson.
16:51 of 3rd period - Stopped by Linus Ullmark with a rebound.
17:14 of 3rd period - Minor Penalty to Mason Marchment for Holding.
17:15 of 3rd period - Chandler Stephenson wins face-off versus Brayden Point in Anaheim Ducks zone.
17:48 of 3rd period - Ivan Provorov is hit by Erik Cernak and loses puck.
19:14 of 3rd period - Penalty to Mason Marchment is over, Mason Marchment is back on ice.
19:49 of 3rd period - Snap shot by Mason Marchment.
19:49 of 3rd period - Goal by Mason Marchment - Anaheim Ducks : 7 - Washington Capitals : 0.
19:50 of 3rd period - Brayden Point wins face-off versus John Tavares in neutral zone.
Goals for this period are 6 for Anaheim Ducks vs 0 for Washington Capitals.
Shots for this period are 19 for Anaheim Ducks vs 15 for Washington Capitals.
Back to the Top